 Dungeon Crawl Stone Soup version 0.30-a0-939-gc8157cb160 (webtiles) character file.

Game seed: 11043399073797035037

2688 omnomnOMINOUS the Covert (level 9, -8/61 HPs)
             Began as an Octopode Wanderer on Mar 15, 2023.
             Was a Priest of Lugonu.
             Mangled by an ice beast (14 damage)
             ... on level 7 of the Dungeon on Mar 25, 2023.
             The game lasted 00:22:55 (6453 turns).

omnomnOMINOUS the Covert (Octopode Wanderer)        Turns: 6453, Time: 00:22:56

Health: -8/61      AC:  2    Str: 17    XL:     9   Next: 64%
Magic:  12/12      EV: 15    Int: 14    God:    Lugonu [***...]
Gold:   1379       SH:  0    Dex: 16    Spells: 0/12 levels left

rFire   + . .      SeeInvis +    b - +2 triple sword (flame)
rCold   . . .      Faith    .    (shield currently unavailable)
rNeg    . . .      Spirit   .    d - +1 hat
rPois   +          Reflect  .    (no amulet)
rElec   .          Rampage  .    q - ring of poison resistance
rCorr   .                        s - ring of protection from fire
Will    .....                    w - +6 ring of strength
Stlth   +++++                    A - ring of wizardry
HPRegen 0.30/turn                C - ring of see invisible
MPRegen 0.13/turn                E - ring of wizardry
                                 (no ring)
                                 (no ring)

@: no status effects
A: almost no armour, amphibious, 8 rings, camouflage 1, gelatinous body 1,
(nimble swimmer 1), tentacles
a: Renounce Religion, Depart the Abyss, Banish


You were on level 7 of the Dungeon.
You worshipped Lugonu.
Lugonu was most pleased with you.
You visited 1 branch of the dungeon, and saw 7 of its levels.

You collected 1379 gold pieces.

Inventory:

Hand Weapons
 a - a +3 dagger
 b - a +2 triple sword of flaming (weapon)
 c - a +0 spectral long sword
Missiles
 t - 20 poisoned darts
Armour
 d - a +1 hat (worn)
Magical Staves
 h - a staff of death
Jewellery
 p - an amulet of faith
 q - a ring of poison resistance (left tentacle)
 s - a ring of protection from fire (right tentacle)
 w - a +6 ring of strength (on tentacle)
 A - a ring of wizardry (on tentacle)
 C - a ring of see invisible (on tentacle)
 E - a ring of wizardry (on tentacle)
Wands
 i - a wand of flame (13)
Scrolls
 f - 3 scrolls of enchant weapon
 g - 4 scrolls of blinking {unknown}
 k - a scroll of fear
 l - a scroll of magic mapping
 m - 2 scrolls of amnesia
 o - 2 scrolls of immolation
 u - 2 scrolls of enchant armour
 v - a scroll of vulnerability
 y - 2 scrolls of fog
 D - a scroll of brand weapon {unknown}
 F - 2 scrolls of poison {unknown}
Potions
 e - 3 potions of heal wounds
 j - 2 potions of haste
 n - a potion of lignification
 r - 2 potions of mutation
 x - a potion of magic {unknown}
 z - a potion of ambrosia {unknown}
 B - 2 potions of curing
 G - a potion of attraction
 H - a potion of might


   Skills:
 + Level 5.2 Fighting
 - Level 5.8(6.1) Short Blades
 * Level 2.3(4.4) Long Blades
 + Level 5.0 Dodging
 - Level 8.1 Stealth
 - Level 3.0 Unarmed Combat
 - Level 2.0 Spellcasting
 - Level 4.4 Conjurations
 + Level 0.1 Air Magic
 - Level 4.3 Earth Magic
 - Level 1.1 Evocations


You couldn't memorise any spells.
You knew the following spells:

 Your Spells              Type           Power      Damage    Failure   Level
a - Magic Dart            Conj           52%        1d5       1%          1
b - Blink                 Tloc           2%         N/A       10%         2
c - Passwall              Tmut/Erth      5%         N/A       4%          2
d - Stone Arrow           Conj/Erth      26%        3d8       3%          3
e - Mephitic Cloud        Conj/Pois/Air  5%         N/A       11%         3
f - Apportation           Tloc           2%         N/A       7%          1

Your spell library contained the following spells:

 Spells                   Type           Power      Damage    Failure   Level
 Sandblast                Erth           26%        2d8       1%          1
 Beastly Appendage        Tmut           2%         N/A       7%          1
 Necrotise                Necr           4%         1d4       7%          1
 Slow                     Hex            4%         N/A       7%          1
 Summon Small Mammal      Summ           4%         N/A       7%          1
 Call Imp                 Summ           1%         N/A       10%         2
 Wereblood                Tmut           1%         N/A       10%         2
 Confusing Touch          Hex            1%         N/A       17%         3
 Frozen Ramparts          Ice            2%         1d1       17%         3
 Spider Form              Tmut/Pois      1%         N/A       17%         3
 Vampiric Draining        Necr           1%         2d6       17%         3
 Ice Form                 Ice/Tmut       1%         N/A       50%         4
 Manifold Assault         Tloc           1%         N/A       50%         4
 Summon Ice Beast         Ice/Summ       1%         N/A       50%         4
 Irradiate                Conj/Tmut      3%         3d12      54%         5
 Blade Hands              Tmut           0%         N/A       82%         5
 Dragon Form              Tmut           0%         N/A       100%        7
 Storm Form               Tmut/Air       0%         N/A       100%        7


Dungeon Overview and Level Annotations

Branches:
Dungeon (7/15)             Temple (0/1) D:5

Altars:
Ashenzari
Dithmenos
Hepliaklqana
Kikubaaqudgha
Nemelex Xobeh
Okawaru
Qazlal
Sif Muna
Trog
The Shining One
Lugonu

Annotations:
D:6 1 runed translucent door


Innate Abilities, Weirdness & Mutations

You cannot wear most types of armour.
You are amphibious.
You can wear up to eight rings at the same time.
Your skin changes colour to match your surroundings (Stealth+).
Your rubbery body absorbs attacks. (AC +1, EV +1)
((You are camouflaged when in or above water. (Stealth+)))
You have tentacles for arms and can constrict up to eight enemies at once.


Message History

An orc comes into view. It is wielding a +0 hand axe.
Found a potion of might.
The helpless orc fails to defend itself.
You slash the orc! You burn the orc.
You kill the orc!
Lugonu accepts your kill.
H - a potion of might
Found a stone staircase leading down.
A hound comes into view.
The hound barks!
An ice beast comes into view.
The hound pauses to sniff the ground.
You closely miss the hound. Your grab misses the hound. The hound bites you.
The hound closely misses you.
You slash the hound! You burn the hound!
You kill the hound!
Lugonu accepts your kill.
An ice beast is nearby!
You barely miss the ice beast. The ice beast hits you.
The ice beast freezes you! The ice beast misses you.
You slash the ice beast!
You melt the ice beast.
The ice beast is severely wounded.
The ice beast hits you. The ice beast freezes you! The ice beast hits you.
The ice beast freezes you!
You are too injured to fight recklessly!
You hit the ice beast but do no damage.
You squeeze the ice beast, but do no damage.
The ice beast is severely wounded.
The ice beast misses you.
You barely miss the ice beast.
The ice beast is severely wounded.
The ice beast barely misses you. The ice beast hits you.
The ice beast freezes you!
* * * LOW HITPOINT WARNING * * *
You hit the ice beast.
You melt the ice beast.
The ice beast is almost dead.
The ice beast hits you.
* * * LOW HITPOINT WARNING * * *
The ice beast freezes you!
You die...

#.............).
#.......#....... ......Y
........#....... .......
........#....#.. #......
.............### .......
...#............. .>.....
#.##.............
......h###..##............
.......(#@..##............
........Y...####..........
............#####....#....
............#.#.....###...
........#.......#..####.#.
............#..##...##..#.
#........####...##..#.....
#........ #..###.##.†##.
.........# ##..#..###....


You could see an ice beast.

Vanquished Creatures
  Sigmund (D:5)
  5 yaks (D:6)
  A steam dragon (D:7)
  A black bear (D:5)
  An ice beast (D:5)
  An ogre (D:6)
  A centaur (D:6)
  A phantom (D:5)
  A gnoll sergeant (D:7)
  3 scorpions
  5 wights (D:7)
  6 hounds
  2 jellies
  2 orc priests
  A sleepcap (D:4)
  3 iguanas
  2 orc wizards (D:7)
  Robin (D:3)
  6 gnolls
  9 adders
  A white imp (D:5)
  3 ufetubi
  2 worms (D:2)
  3 dart slugs
  11 orcs
  3 ball pythons
  11 endoplasms
  4 giant cockroaches
  13 goblins
  14 hobgoblins
  4 jackals (D:1)
  8 quokkas
  8 bats
  5 frilled lizards
  8 kobolds
  6 rats
157 creatures vanquished.

Notes
Turn   | Place    | Note
-------+----------+-------------------------------------------
     0 | D:1      | omnomnOMINOUS the Octopode Wanderer began the quest for the
                  | Orb.
     0 | D:1      | omnomnOMINOUS set off with the following items: a +0
                  | dagger, a scroll of fear, a potion of attraction, a +0 hat,
                  | 2 potions of heal wounds.
     0 | D:1      | Reached XP level 1. HP: 13/13 MP: 1/1
   157 | D:1      | Reached XP level 2. HP: 18/18 MP: 2/2
   415 | D:1      | Reached skill level 1 in Spellcasting
   533 | D:1      | Reached XP level 3. HP: 20/24 MP: 4/4
   537 | D:1      | Learned a level 3 spell: Stone Arrow
  1220 | D:2      | Found a faded altar of an unknown god.
  1221 | D:2      | You fall into a shaft and drop 2 floors!
  1270 | D:3      | Identified the +0 pair of boots of Syma {Harm rC++ Will+
                  | Int-5}
  1362 | D:2      | Reached XP level 4. HP: 29/29 MP: 6/6
  1450 | D:2      | Prayed at the altar of an unknown god.
  1450 | D:2      | Became a worshipper of Lugonu the Unformed
  1450 | D:2      | Reached * piety under Lugonu
  1454 | D:2      | Learned a level 2 spell: Passwall
  1797 | D:2      | Upgraded the game from 0.30-a0-883-g5ad918d77d to
                  | 0.30-a0-924-g0ad0bf95bc
  2106 | D:3      | Upgraded the game from 0.30-a0-924-g0ad0bf95bc to
                  | 0.30-a0-939-gc8157cb160
  2159 | D:3      | Reached ** piety under Lugonu
  2206 | D:3      | Reached XP level 5. HP: 32/35 MP: 7/7
  2245 | D:3      | Noticed Robin
  2257 | D:3      | Killed Robin
  2258 | D:3      | Reached skill level 1 in Short Blades
  2436 | D:3      | Reached skill level 1 in Earth Magic
  2497 | D:3      | Learned a level 2 spell: Blink
  2647 | D:4      | Learned a level 1 spell: Magic Dart
  2805 | D:4      | Reached skill level 1 in Conjurations
  2805 | D:4      | Reached XP level 6. HP: 41/41 MP: 9/9
  3043 | D:4      | Reached skill level 6 in Stealth
  3356 | D:5      | Entered Level 5 of the Dungeon
  3414 | D:5      | Reached XP level 7. HP: 38/46 MP: 10/10
  3462 | D:5      | Reached *** piety under Lugonu
  3724 | D:5      | Found a glowing golden altar of the Shining One.
  3947 | D:5      | Found a staircase to the Ecumenical Temple.
  4262 | D:5      | Noticed Sigmund
  4287 | D:5      | Reached XP level 8. HP: 33/54 MP: 11/11
  4367 | D:5      | Learned a level 3 spell: Mephitic Cloud
  4382 | D:5      | Killed Sigmund
  4383 | D:5      | Reached skill level 7 in Stealth
  4514 | D:5      | Found a stormy altar of Qazlal.
  4594 | D:6      | Found a hazy altar of Hepliaklqana.
  4625 | D:6      | Found a sparkling altar of Nemelex Xobeh.
  4696 | D:6      | Noticed a yak
  4698 | D:6      | Found a bloodstained altar of Trog.
  4702 | D:6      | Noticed a yak
  4703 | D:6      | Noticed a yak
  4703 | D:6      | Noticed a yak
  4703 | D:6      | Noticed a yak
  4705 | D:6      | Killed a yak
  4707 | D:6      | Killed a yak
  4714 | D:6      | Found an ancient bone altar of Kikubaaqudgha.
  4736 | D:6      | Killed a yak
  4738 | D:6      | Killed a yak
  4739 | D:6      | Reached skill level 5 in Short Blades
  4830 | D:6      | Killed a yak
  4831 | D:6      | Reached XP level 9. HP: 59/59 MP: 8/12
  5120 | D:6      | Found a runed translucent door.
  5127 | D:6      | Identified a scroll of acquirement
  5127 | D:6      | Acquired 923 gold pieces
  5260 | D:6      | Reached skill level 8 in Stealth
  5708 | D:6      | Found an iron altar of Okawaru.
  6100 | D:7      | Learned a level 1 spell: Apportation
  6134 | D:7      | Reached skill level 5 in Fighting
  6164 | D:7      | Reached skill level 1 in Long Blades
  6228 | D:7      | Found a shadowy altar of Dithmenos.
  6262 | D:7      | Reached skill level 5 in Dodging
  6325 | D:7      | Found a shimmering blue altar of Sif Muna.
  6334 | D:7      | Found a broken altar of Ashenzari.
  6453 | D:7      | Mangled by an ice beast

Illustrated notes

Levels and vault maps discovered:
D:1:      dpeg_arrival_radiant, layout_basic
D:2:      layout_loops_ring, hellmonk_ecumenical_altar_pennies_from_heaven,
          minmay_misc_feat_rows, skrybe_limestone_x, minmay_hexomino_c4
D:3:      layout_rooms, uniq_robin
D:4:      layout_basic
D:5:      minmay_recursive_quarters, layout_gridville, grunt_qazlal_sundering,
          nicolae_overflow_crystal_walls, minmay_temple_entry_hall,
          minmay_crossroads, uniq_sigmund
D:6:      layout_basic, mainiacjoe_overflow_concentric_impassable,
          kennysheep_mini, hellmonk_okawaru_the_only_friend_you_need,
          nicolae_overflow_two_pavilions, lightli_church_of_beogh
D:7:      layout_cave_pools, mainiacjoe_overflow_chevrons,
          nicolae_ashenzari_panopticon, grunt_dithmenos_smoke

Skill      XL: |  1  2  3  4  5  6  7  8  9 |
---------------+----------------------------+-----
Spellcasting   | 1 2 |  2.0
Fighting       | 2 3 4 5 |  5.2
Dodging        | 2 3 4 5 |  5.0
Short Blades   | 1 2 3 5 |  5.8
Earth Magic    | 1 2 3 4 |  4.3
Conjurations   | 1 2 3 4 |  4.4
Stealth        | 6 7 8 |  8.1
Long Blades    | 2 |  2.3
Unarmed Combat | |  3.0
Air Magic      | |  0.1
Evocations     | |  1.1

Action                     |  1- 3 |  4- 6 |  7- 9 || total
---------------------------+-------+-------+-------++-------
  Melee: Dagger            |    43 |   112 |    88 ||   243
         Constrict         |    20 |    26 |    20 ||    66
         Tentacles         |    15 |    18 |    23 ||    56
         Punch             |     2 |     1 |     5 ||     8
         Whip              |    39 |       |       ||    39
         Triple sword      |       |       |    29 ||    29
   Cast: Stone Arrow       |       |       |     9 ||     9
         Mephitic Cloud    |       |       |     7 ||     7
         Blink             |       |       |     1 ||     1
  Evoke: Wand              |       |       |     3 ||     3
    Use: Potion            |       |     2 |       ||     2
         Scroll            |       |       |    13 ||    13
   Stab: Sleeping          |    10 |    19 |    11 ||    40
         Distracted        |       |     1 |       ||     1
         Confused          |       |       |     2 ||     2
 Armour: Skin              |    15 |     5 |     4 ||    24
  Dodge: Dodged            |    52 |    40 |    76 ||   168

Table legend: (Time is in decaauts)
 A = Elapsed time spent in this place.
 B = Non-inter-level travel time spent in this place.
 C = Inter-level travel time spent in this place.
 D = Time resting spent in this place.
 E = Time spent auto-exploring this place.
 F = Levels seen in this place.
 G = Mean time per level.
                   A        B        C        D        E       F      G
               +--------+--------+--------+--------+--------+-----+--------+
         Total |   6442 |   6162 |    280 |    798 |   3945 |   7 |  920.3 |
       Dungeon |   6442 |   6162 |    280 |    798 |   3945 |   7 |  920.3 |
               +--------+--------+--------+--------+--------+-----+--------+

Top non-repeatable levels by time:
     D:6: 1347 daAuts
     D:5: 1229 daAuts
     D:1: 1212 daAuts
     D:4: 774 daAuts
     D:2: 773 daAuts
     D:3: 590 daAuts
     D:7: 513 daAuts
